 Seeded DCSS version 0.29-a0-418-gc0181ea (webtiles) character file.

Game seed: 2806533315585810333 (custom seed)

455 Illumine the Cutter (level 6, -6/78 HPs)
             Began as a Draconian Artificer on May 17, 2022.
             Mangled by a two-headed ogre
             ... wielding a +0 giant club
              (9 damage)
             ... on level 6 of the Dungeon.
             The game lasted 00:07:13 (4508 turns).

Illumine the Cutter (Draconian Artificer)           Turns: 4508, Time: 00:07:14

Health: -6/78      AC: 23    Str: 19    XL:     6   Next: 76%
Magic:  6/6        EV:  2    Int: 12    God:
Gold:   352        SH:  0    Dex: 11    Spells: 5/5 levels left

rFire   + + .      SeeInvis .   y - +4 dagger "Arcanum" {spect, rElec rF+ Str+3}
rCold   . . .      Faith    .   (no shield)
rNeg    . . .      Spirit   .   (body armour unavailable)
rPois   +          Reflect  .   (helmet currently unavailable)
rElec   +          Harm     .   (cloak currently unavailable)
rCorr   +          Rampage  .   (gloves currently unavailable)
Will    .....      NoTele   +   (boots currently unavailable)
Stlth   +.........              (no amulet)
HPRegen 0.23/turn               p - ring of protection from fire
MPRegen 0.10/turn               F - ring of resist corrosion

@: tree-form
A: stationary, stasis, torment immunity, boosted hp, AC +6, unfitting armour,
(cold-blooded)
a: no special abilities


You were on level 6 of the Dungeon.
You were a tree.
You visited 1 branch of the dungeon, and saw 6 of its levels.

You collected 352 gold pieces.

Inventory:

Hand Weapons
 a - a +0 club
 y - the +4 dagger "Arcanum" (weapon) {spect, rElec rF+ Str+3}
   (You found it on level 3 of the Dungeon)

   When its wielder attacks, the weapon's spirit leaps out and strikes again.
   The spirit shares a part of any damage it takes with its wielder.
   Str:       It affects your strength (+3).
   rF:        It protects you from fire.
   rElec:     It insulates you from electricity.
Missiles
 j - 23 poisoned darts
Armour
 h - a +0 cloak (melded)
 u - a +0 pair of gloves (melded)
Magical Staves
 o - a staff of earth
Jewellery
 p - a ring of protection from fire (left branch)
 v - an amulet of faith
 D - a ring of see invisible
 F - a ring of resist corrosion (right branch)
Wands
 b - a wand of flame (38) (quivered)
 c - a wand of charming (13)
 d - a wand of iceblast (9)
 B - a wand of acid (1)
 N - a wand of polymorph (5)
Scrolls
 e - a scroll of enchant weapon {unknown}
 k - 4 scrolls of magic mapping {unknown}
 l - a scroll of amnesia {unknown}
 m - a scroll of enchant armour {unknown}
 n - a scroll of immolation
 q - a scroll of silence {unknown}
 r - a scroll of brand weapon {unknown}
 t - 4 scrolls of identify {unknown}
 C - a scroll of teleportation {unknown}
 G - a scroll of vulnerability {unknown}
 I - a scroll of summoning {unknown}
 J - 3 scrolls of fog {unknown}
 M - a scroll of blinking {unknown}
 P - a scroll of noise {unknown}
Potions
 f - a potion of might {unknown}
 g - a potion of heal wounds {unknown}
 i - 4 potions of flight {unknown}
 s - 2 potions of lignification
 w - 3 potions of mutation {unknown}
 x - a potion of curing {unknown}
 z - a potion of magic {unknown}
 A - a potion of degeneration {unknown}
 E - a potion of haste {unknown}
 H - 2 potions of brilliance {unknown}
 K - 2 potions of invisibility {unknown}
 L - a potion of berserk rage {unknown}
 O - a potion of experience {unknown}


   Skills:
 + Level 3.8 Fighting
 * Level 4.2 Short Blades
 - Level 2.0 Maces & Flails
 + Level 3.7 Dodging
 - Level 0.8 Stealth
 + Level 3.0 Evocations


You had 5 spell levels left.
You didn't know any spells.
Your spell library contained the following spells:

 Spells                   Type           Power      Damage    Failure   Level
 Animate Skeleton         Necr           0%         N/A       32%         1
 Apportation              Tloc           0%         N/A       32%         1
 Shock                    Conj/Air       0%         1d3       32%         1
 Summon Small Mammal      Summ           0%         N/A       32%         1
 Swiftness                Air            0%         N/A       69%         3
 Airstrike                Air            0%         N/A       97%         4


Dungeon Overview and Level Annotations

Branches:
Dungeon (6/15)
 Temple: D:4-7

Altars:
Elyvilon
Fedhas

Shops:
D:1 (

Annotations:
D:4 Sigmund
D:5 2 transporters, arb's ghost, amateur GrCj


Innate Abilities, Weirdness & Mutations

You are a tree.
Your roots penetrate the ground, keeping you stationary.
You cannot be teleported.
You are immune to unholy pain and torment.
Your maximum health is greatly increased.
Your equipment is partially melded.
((Your plain brown scales are hard. (AC +6)))
You cannot fit into any form of body armour.
((You are cold-blooded and may be slowed by cold attacks.))


Message History

Aim: a two-headed ogre, wielding two +0 giant clubs (will become an orb spider, a glowing shapeshifter, or a death drake, chance to affect: 38%)
Okay, then.
Unknown command.
A two-headed ogre breaks down the door.
The two-headed ogre attacks as you move away!
The two-headed ogre hits you with a +0 giant club!!
The two-headed ogre misses you.
There is an open door here.
Aiming: Corrosive Bolt
Press: ? - help, Shift-Dir - straight line, f - two-headed ogre
Aim: a two-headed ogre, wielding two +0 giant clubs (88% to hit)
The bolt of acid hits the two-headed ogre!
The acid corrodes the two-headed ogre!
The two-headed ogre is lightly wounded.
The two-headed ogre closely misses you.
The two-headed ogre hits you with a +0 giant club!!
* * * LOW HITPOINT WARNING * * *
Okay, then.
Okay, then.
It was a potion of lignification.
You turn into a tree.
Your +0 cloak melds into your body.
Your +0 pair of gloves melds into your body.
Your roots penetrate the ground.
You puncture the two-headed ogre!
The two-headed ogre is moderately wounded.
Your +4 dagger "Arcanum" {spect, rElec rF+ Str+3} hits the two-headed ogre.
The two-headed ogre hits you with a +0 giant club.
* * * LOW HITPOINT WARNING * * *
The two-headed ogre hits you with a +0 giant club.
* * * LOW HITPOINT WARNING * * *
You hit the two-headed ogre.
The two-headed ogre is heavily wounded.
Your +4 dagger "Arcanum" {spect, rElec rF+ Str+3} hits the two-headed ogre!
You hit the two-headed ogre.
The two-headed ogre is severely wounded.
Your +4 dagger "Arcanum" {spect, rElec rF+ Str+3} barely misses the two-headed ogre.
The two-headed ogre hits you with a +0 giant club.
* * * LOW HITPOINT WARNING * * *
The two-headed ogre hits you with a +0 giant club!
You die...

### .. #O ####### #.## ####..<..#
####O# #........# ##O#.##
#........# ##.#.#.# #..(♣....#
#### #.###### ###O###### #...
#..##.#.#.#+##.......#########...
#...........#.......#.......##..
###########..#.......'...........
#......#.....#.......#.......##..
#......#.....'.......#.......##.)
#......+.............##########..
#......#.####........#.......##..


You could see a two-headed ogre (corroded) and a friendly +4 dagger "Arcanum"
{spect, rElec rF+ Str+3} (summoned).

Vanquished Creatures
  A black bear (D:5)
  A bullfrog (D:5)
  A necrophage (D:5)
  3 hounds
  An iguana (D:5)
  An orc wizard (D:6)
  2 adders
  A white imp (D:6)
  3 ufetubi (D:5)
  3 dart slugs
  An orc (D:3)
  6 bats
  7 endoplasms
  A giant cockroach (D:4)
  A hobgoblin (D:3)
  3 jackals (D:5)
  A quokka (D:1)
  5 ball pythons
  5 frilled lizards
  5 goblins
  A kobold (D:1)
  5 rats
58 creatures vanquished.

Vanquished Creatures (collateral kills)
  2 orcs (D:6)
2 creatures vanquished.

Vanquished Creatures (others)
  An orc warrior (D:6)
  3 plants (D:3)
4 creatures vanquished.

Grand Total: 64 creatures vanquished

Notes
Turn   | Place    | Note
-------+----------+-------------------------------------------
     0 | D:1      | Illumine the Draconian Artificer began the quest for the
                  | Orb.
     0 | D:1      | Reached XP level 1. HP: 16/16 MP: 1/1
   153 | D:1      | Found Pade's Antique Weapon Boutique.
   227 | D:1      | Reached skill level 1 in Maces & Flails
   319 | D:1      | Reached XP level 2. HP: 23/23 MP: 2/2
   509 | D:1      | Found a faded altar of an unknown god.
  1499 | D:2      | Reached XP level 3. HP: 29/29 MP: 3/3
  1963 | D:3      | Identified the +4 dagger "Arcanum" {spect, rElec rF+ Str+3}
  2893 | D:4      | Found a blossoming altar of Fedhas.
  2986 | D:4      | Reached skill level 1 in Short Blades
  3085 | D:4      | Noticed Sigmund
  3297 | D:5      | Entered Level 5 of the Dungeon
  3301 | D:5      | Reached XP level 4. HP: 36/36 MP: 4/4
  3380 | D:5      | Noticed a bullfrog
  3392 | D:5      | Killed a bullfrog
  3393 | D:5      | Reached skill level 2 in Short Blades
  3393 | D:5      | Reached XP level 5. HP: 35/42 MP: 5/5
  3538 | D:5      | Reached skill level 3 in Short Blades
  3620 | D:5      | Noticed arb's ghost (amateur GrCj)
  3621 | D:5      | Found a transporter.
  3622 | D:5      | Noticed an ogre
  3622 | D:5      | Identified the +8 dire flail of Truncation {vamp, rElec
                  | rCorr Dex-5 Stlth+}
  3622 | D:5      | Noticed an ogre
  3625 | D:5      | Found a transporter.
  3672 | D:5      | Reached XP level 6. HP: 49/51 MP: 6/6
  3818 | D:5      | Reached skill level 4 in Short Blades
  4045 | D:6      | Found a white marble altar of Elyvilon.
  4144 | D:6      | Noticed an orc warrior
  4481 | D:6      | Noticed a two-headed ogre
  4508 | D:6      | HP: 3/78 [two-headed ogre/+0 giant club (3)]
  4508 | D:6      | Mangled by a two-headed ogre

Illustrated notes

Levels and vault maps discovered:
D:1:      wander_arrival_chamber, layout_loops_ring,
          hellmonk_ecumenical_altar_blasted, serial_shops, nicolae_shop_trees
D:2:      layout_basic, minmay_pentomino_x2
D:3:      layout_basic, serial_bayou_lagoon_b
D:4:      layout_basic, fedhas_altar_4, uniq_crazy_yiuf_cottage, uniq_sigmund
D:5:      lemuel_ice_spiral_2, layout_rooms, gammafunk_ghost_smash
D:6:      layout_gridville, nicolae_overflow_crystal_walls, minmay_small_thing

Skill      XL: |  1  2  3  4  5  6 |
---------------+-------------------+-----
Maces & Flails | 1 2 |  2.0
Fighting       | 2 3 |  3.8
Short Blades   | 1 2 3 4 |  4.2
Dodging        | 3 |  3.7
Stealth        | |  0.8
Evocations     | |  3.0

Action                   |  1- 3 |  4- 6 || total
-------------------------+-------+-------++-------
Melee: Club              |    96 |       ||    96
       Tailslap          |    16 |     6 ||    22
       Punch             |     2 |       ||     2
       Dagger            |    22 |    45 ||    67
Evoke: Wand              |       |     8 ||     8
  Use: Potion            |       |     1 ||     1
 Stab: Sleeping          |     6 |       ||     6
Armor: Skin              |    53 |    14 ||    67
Dodge: Dodged            |    92 |    33 ||   125

Table legend: (Time is in decaauts)
 A = Elapsed time spent in this place.
 B = Non-inter-level travel time spent in this place.
 C = Inter-level travel time spent in this place.
 D = Time resting spent in this place.
 E = Time spent auto-exploring this place.
 F = Levels seen in this place.
 G = Mean time per level.
                   A        B        C        D        E       F      G
               +--------+--------+--------+--------+--------+-----+--------+
         Total |   4542 |   4474 |     68 |    214 |   3485 |   6 |  757.0 |
       Dungeon |   4542 |   4474 |     68 |    214 |   3485 |   6 |  757.0 |
               +--------+--------+--------+--------+--------+-----+--------+

Top non-repeatable levels by time:
     D:2: 969 daAuts
     D:1: 953 daAuts
     D:3: 930 daAuts
     D:6: 668 daAuts
     D:5: 536 daAuts
     D:4: 483 daAuts
